 Dungeon Crawl Stone Soup version 0.29-a0-397-g846e4a0bbc (webtiles) character file.

Game seed: 2469655524340124619

1143 oldriver the Skirmisher (level 8, 0/69 HPs)
             Began as a Palentonga Abyssal Knight on May 12, 2022.
             Was a Priest of Lugonu.
             Slain by an ufetubus (3 damage)
             ... on level 6 of the Dungeon.
             The game lasted 00:06:48 (5870 turns).

oldriver the Skirmisher (Palentonga Abyssal Knight) Turns: 5870, Time: 00:06:49

Health: 0/69       AC: 14    Str: 18    XL:     8   Next: 15%
Magic:  11/11      EV:  9    Int: 10    God:    Lugonu [***...]
Gold:   284        SH:  0    Dex: 12    Spells: 7/7 levels left

rFire   + . .      SeeInvis +   a - +3 hand axe (flame)
rCold   . . .      Faith    .   (no shield)
rNeg    . . .      Spirit   .   e - +2 leather armour {rF+}
rPois   .          Reflect  .   r - +0 helmet
rElec   .          Harm     .   (no cloak)
rCorr   .          Rampage  .   (no gloves)
Will    .....                   (no barding)
Stlth   +.........              (no amulet)
HPRegen 0.21/turn               q - ring of wizardry
MPRegen 0.12/turn               (no ring)

@: studying Polearms, curled up
A: large, rugged brown scales 3, see invisible, deformed body, roll 1, armoured
tail, reflexive curl
a: Rolling Charge, Renounce Religion, Depart the Abyss, Bend Space, Banish


You were on level 6 of the Dungeon.
You worshipped Lugonu.
Lugonu was most pleased with you.
You visited 1 branch of the dungeon, and saw 6 of its levels.
You visited the Abyss 1 time.

You collected 284 gold pieces.

Inventory:

Hand Weapons
 a - a +3 hand axe of flaming (weapon)
Armour
 e - a +2 leather armour of fire resistance (worn)
 j - a +0 kite shield
 r - a +0 helmet (worn)
Jewellery
 q - a ring of wizardry (left hand)
Scrolls
 b - 3 scrolls of identify
 k - 2 scrolls of teleportation
Potions
 c - 2 potions of flight
 f - a potion of attraction
 g - 2 potions of haste {unknown}
 h - a potion of degeneration
 i - a potion of magic
 m - a potion of resistance
 n - a potion of brilliance


   Skills:
 * Level 6.8 Fighting
 * Level 6.4 Axes
 - Level 1.5 Armour
 - Level 0.7 Dodging
 + Level 5.0 Invocations


You had 7 spell levels left.
You didn't know any spells.
Your spell library contained the following spells:

 Spells                   Type           Power      Damage    Failure   Level
 Foxfire                  Conj/Fire      0%         2x1d4     17%         1
 Passwall                 Tmut/Erth      0%         N/A       26%         2
 Lee's Rapid Deconstruct  Erth           0%         3d5*      99%         5
 Statue Form              Tmut/Erth      0%         N/A       100%        6


Dungeon Overview and Level Annotations

Branches:
Dungeon (6/15)
 Temple: D:4-7

Altars:
Ashenzari
Fedhas
Okawaru
Uskayaw

Annotations:
D:3 3 runed translucent doors, Kazon's ghost, weakling HOMo


Innate Abilities, Weirdness & Mutations

You are completely covered in rugged brown scales. (AC +3, +7% HP)
You have supernaturally acute eyesight. (SInv)
Armour fits poorly on your strangely shaped body.
You can roll at nearby foes to attack.
You have a long armoured tail.
You curl defensively after being hit. (AC +7*)


Message History

You kill the orc!
Lugonu accepts your kill.
You hit the howler monkey. You burn the howler monkey. You hit the orc.
You burn the orc. The howler monkey barely misses you.
A white imp comes into view.
The orc wizard casts a spell at you. You resist with some effort.
The orc barely misses you.
You closely miss the howler monkey.
The howler monkey is heavily wounded.
You hit the orc. You burn the orc.
You kill the orc!
Lugonu accepts your kill.
Your surroundings suddenly seem different.
An ufetubus and a white imp come into view.
Found a potion of degeneration.
The ufetubus shouts!
The white imp shouts!
The white imp lashes its tail.
The white imp gestures at you. The puff of frost hits you.
* * * LOW HITPOINT WARNING * * *
You barely miss the white imp. The white imp gestures at you.
The puff of frost hits you!
* * * LOW HITPOINT WARNING * * *
You barely miss the white imp. You tail-slap the white imp.
The white imp is lightly wounded.
You hit the ufetubus. You burn the ufetubus.
The ufetubus completely misses you.
The ufetubus hits you but does no damage.
You closely miss the white imp.
The white imp is lightly wounded.
You hit the ufetubus. You burn the ufetubus. The white imp barely misses you.
The ufetubus hits you but does no damage.
The ufetubus hits you.
* * * LOW HITPOINT WARNING * * *
You hit the white imp. You burn the white imp.
The white imp is heavily wounded.
You completely miss the ufetubus. The ufetubus barely misses you.
The ufetubus hits you.
You die...

#.........#
#.........#
.#.........#
...........#
#..........#
...........#
...........##
........5...##
.........@5..#
..#.......#..#
. ##.......
.... ######...
.... #.... ...
###### ##


You could see a white imp and an ufetubus.

Vanquished Creatures
  Sigmund (D:3)
  A steam dragon (D:4)
  A black bear (D:4)
  An ogre (D:5)
  2 necrophages (D:4)
  3 hounds
  4 jellies
  2 orc priests (D:5)
  3 iguanas
  3 orc wizards (D:5)
  6 adders
  2 worms
  A dart slug (D:3)
  11 orcs
  2 bats (D:1)
  3 endoplasms
  A giant cockroach (D:2)
  5 goblins
  9 hobgoblins
  6 jackals
  5 kobolds
  5 quokkas
  8 ball pythons
  3 frilled lizards
  6 rats
94 creatures vanquished.

Vanquished Creatures (others)
  A hobgoblin (D:4)
1 creature vanquished.

Grand Total: 95 creatures vanquished

Notes
Turn   | Place    | Note
-------+----------+-------------------------------------------
     0 | Abyss:1  | oldriver the Palentonga Abyssal Knight began the quest for
                  | the Orb.
     0 | Abyss:1  | Reached XP level 1. HP: 19/19 MP: 2/2
     7 | D:1      | Escaped the Abyss
   126 | D:1      | Reached ** piety under Lugonu
   206 | D:1      | Reached XP level 2. HP: 25/25 MP: 3/3
  1200 | D:2      | Reached XP level 3. HP: 31/31 MP: 4/4
  1812 | D:3      | Found a broken altar of Ashenzari.
  1838 | D:3      | Got the Collected Works on the Fiery Mountains
  1917 | D:3      | Noticed Sigmund
  1941 | D:3      | Killed Sigmund
  1942 | D:3      | Reached XP level 4. HP: 7/40 MP: 4/6
  1942 | D:3      | Reached XP level 5. HP: 8/46 MP: 4/7
  2538 | D:3      | Found a hide-covered altar of Uskayaw.
  2572 | D:3      | Found an iron altar of Okawaru.
  2701 | D:3      | Found a runed translucent gate.
  2702 | D:3      | Found a runed translucent gate.
  2702 | D:3      | Found a runed translucent gate.
  2703 | D:3      | Noticed Kazon's ghost (weakling HOMo)
  2842 | D:4      | Noticed a black bear
  2852 | D:4      | Killed a black bear
  2852 | D:4      | Reached *** piety under Lugonu
  2853 | D:4      | Reached skill level 5 in Fighting
  2853 | D:4      | Reached XP level 6. HP: 22/54 MP: 8/8
  3345 | D:4      | Found a blossoming altar of Fedhas.
  3394 | D:4      | HP: 2/52 [necrophage (1)]
  3744 | D:4      | Reached skill level 5 in Axes
  3744 | D:4      | Gained mutation: You curl defensively after being hit. (AC
                  | +7*) [Palentonga growth]
  3744 | D:4      | Reached XP level 7. HP: 10/57 MP: 8/10
  4005 | D:4      | Noticed a steam dragon
  4033 | D:4      | Killed a steam dragon
  4529 | D:5      | Entered Level 5 of the Dungeon
  5221 | D:5      | Reached XP level 8. HP: 50/69 MP: 11/11
  5411 | D:5      | Reached skill level 5 in Invocations
  5867 | D:6      | HP: 3/69 [white imp/puff of frost (10)]
  5870 | D:6      | Slain by an ufetubus

Illustrated notes

Levels and vault maps discovered:
D:1:      sevenhm_arrival_forest_fort_large_2, layout_loops_ring,
          corexii_corridor_pit
D:2:      layout_loops_cross
D:3:      layout_loops_ring, evilmike_ruin_ashenzari,
          mainiacjoe_overflow_catch_the_wave, ebering_ghost_rock_garden,
          uniq_sigmund
D:4:      layout_cave_pools, fedhas_altar_2, grunt_ministairs_14,
          minmay_manual_mullet
D:5:      layout_layer_cave, minmay_temple_entry_fiery
D:6:      layout_rooms, grunt_temple_overflow_order_and_chaos_2,
          lightli_corner_chamber

Skill      XL: |  1  2  3  4  5  6  7  8 |
---------------+-------------------------+-----
Axes           | 4 5 6 |  6.4
Fighting       | 4 5 6 |  6.8
Invocations    | 3 4 5 |  5.0
Armour         | |  1.5
Dodging        | |  0.7

Action                   |  1- 3 |  4- 6 |  7- 9 || total
-------------------------+-------+-------+-------++-------
Melee: Hand axe          |   107 |    83 |    92 ||   282
       Tailslap          |    14 |    15 |    10 ||    39
       Punch             |       |     1 |       ||     1
Invok: Depart the Abyss  |     1 |       |       ||     1
       Bend Space        |       |       |     3 ||     3
 Abil: Rolling Charge    |    24 |    13 |    18 ||    55
  Use: Scroll            |     3 |     2 |    10 ||    15
       Potion            |       |     1 |     3 ||     4
Armor: Leather armour    |    28 |    21 |    32 ||    81
Dodge: Dodged            |    45 |    40 |    48 ||   133

Table legend: (Time is in decaauts)
 A = Elapsed time spent in this place.
 B = Non-inter-level travel time spent in this place.
 C = Inter-level travel time spent in this place.
 D = Time resting spent in this place.
 E = Time spent auto-exploring this place.
 F = Levels seen in this place.
 G = Mean time per level.
                   A        B        C        D        E       F      G
               +--------+--------+--------+--------+--------+-----+--------+
         Total |   5904 |   5738 |    166 |   1643 |   3381 |   7 |  843.4 |
       Dungeon |   5897 |   5731 |    166 |   1643 |   3381 |   6 |  982.8 |
         Abyss |      7 |      7 |      0 |      0 |      0 |   1 |    7.0 |
               +--------+--------+--------+--------+--------+-----+--------+

Top non-repeatable levels by time:
     D:4: 1702 daAuts
     D:5: 1330 daAuts
     D:3: 1079 daAuts
     D:1: 1072 daAuts
     D:2: 702 daAuts
     D:6: 10 daAuts
 Abyss:1: 7 daAuts
